 Dungeon Crawl Stone Soup version 0.30-a0-972-gf3ab3527aa (webtiles) character file.

Game seed: 18322530995035697596

1147 jasper the Destroyer (level 7, -4/50 HPs)
             Began as a Demigod Conjurer on Mar 31, 2023.
             Slain by an orc warrior
             ... wielding a +0 dire flail
              (16 damage)
             ... on level 6 of the Dungeon.
             The game lasted 00:10:15 (5505 turns).

jasper the Destroyer (Demigod Conjurer)             Turns: 5505, Time: 00:10:16

Health: -4/50      AC:  4    Str:  8    XL:     7   Next: 93%
Magic:  2/15       EV: 12    Int: 31    God:
Gold:   177        SH:  0    Dex: 12    Spells: 2/13 levels left

rFire   . . .      SeeInvis .    j - +0 war axe
rCold   . . .      Faith    .    (no shield)
rNeg    . . .      Spirit   .    a - +0 robe
rPois   .          Reflect  .    i - +1 helmet {Int+3}
rElec   .          Rampage  .    (no cloak)
rCorr   +                        (no gloves)
Will    .....                    (no boots)
Stlth   ++                       (no amulet)
HPRegen 0.28/turn                w - ring of resist corrosion
MPRegen 0.14/turn                (no ring)

@: very slightly contaminated
A: high MP 1, forlorn, divine attributes
a: no special abilities


You were on level 6 of the Dungeon.
You visited 1 branch of the dungeon, and saw 6 of its levels.
You also visited: Sewer.

You collected 375 gold pieces.
You spent 198 gold pieces at shops.

Inventory:

Hand Weapons
 d - a +0 short sword
 j - a +0 war axe (weapon)
Missiles
 m - 6 javelins
Armour
 a - a +0 robe (worn)
 i - a +1 helmet of intelligence (worn)
 o - a +1 leather armour of cold resistance
 p - a +0 helmet
 r - the +2 helmet "Doreit" {rC- Dex+6}
   (You found it on level 5 of the Dungeon)

   Dex:       It affects your dexterity (+6).
   rC:        It makes you vulnerable to cold.
Magical Staves
 f - a staff of air
Jewellery
 u - a +6 ring of strength
 w - a ring of resist corrosion (left hand)
Wands
 h - a wand of charming (4)
Scrolls
 e - 3 scrolls of teleportation
 g - a scroll of identify
 k - 2 scrolls of amnesia
 l - a scroll of enchant weapon
 q - 2 scrolls of noise
Potions
 b - 3 potions of magic
 c - 5 potions of mutation
 n - 4 potions of attraction
 s - 2 potions of might
 t - a potion of flight
 v - a potion of heal wounds


   Skills:
 - Level 1.7 Dodging
 - Level 1.7 Stealth
 + Level 3.6 Spellcasting
 - Level 8.0 Conjurations
 - Level 3.0 Hexes
 - Level 2.0 Translocations


You had 2 spell levels left.
You knew the following spells:

 Your Spells              Type           Power      Damage    Failure   Level
a - Magic Dart            Conj           100%       1d8       1%          1
b - Searing Ray           Conj           100%       2d8       1%          2
c - Fulminant Prism       Conj/Hex       19%        3d11      7%          4
d - Iskenderun's Mystic   Conj/Tloc      36%        2d9       9%          4

Your spell library contained the following spells:

 Spells                   Type           Power      Damage    Failure   Level
 Ensorcelled Hibernation  Hex/Ice        28%        N/A       5%          2
 Sting                    Tmut/Pois      20%        1d4       6%          1
 Poisonous Vapours        Pois/Air       10%        N/A       10%         2
 Sublimation of Blood     Necr           5%         N/A       10%         2
 Dazzling Flash           Conj/Hex       78%        N/A       1%          3
 Frozen Ramparts          Ice            10%        1d2       19%         3
 Ignite Poison            Fire/Tmut/Pois 5%         N/A       19%         3
 Vampiric Draining        Necr           5%         2d6       19%         3
 Anguish                  Hex/Necr       7%         N/A       34%         4
 Animate Dead             Necr           5%         N/A       54%         4
 Borgnjor's Vile Clutch   Necr/Erth      2%         N/A       87%         5
 Simulacrum               Ice/Necr       2%         N/A       100%        6
 Haunt                    Necr/Summ      2%         N/A       100%        7
 Necromutation            Tmut/Necr      2%         N/A       100%        8


Dungeon Overview and Level Annotations

Branches:
Dungeon (6/15)              Sewer (visited)
 Temple: D:4-7

Shops:
D:1 [   D:5 [

Annotations:
D:4 Ijyb


Innate Abilities, Weirdness & Mutations

You have an increased reservoir of magic. (+10% MP)
You shall have no god before yourself.
Your divine heritage dramatically boosts your attributes as you level up.


Message History

Aiming: Searing Ray (safe; 1% risk of failure)
Press: ? - help, Shift-Dir - straight line, f - orc warrior
Aim: an orc warrior, wielding a +0 dire flail and wearing a +6 plate armour of ponderousness (moderately wounded, 83% to hit)
The searing ray hits the orc warrior but does no damage.
The orc warrior is moderately wounded.
The searing ray misses the kobold brigand. (Press . to maintain the ray.)
The orc warrior hits you with a +0 dire flail!
You take 7 damage, and have 24/50 hp.
You now have 8/15 mp.
The searing ray hits the orc warrior but does no damage.
The orc warrior is moderately wounded.
The searing ray hits the kobold brigand but does no damage.
The kobold brigand is severely wounded.
The searing ray hits the orc!
You kill the orc!
The orc warrior hits you with a +0 dire flail!
* * * LOW HITPOINT WARNING * * *
You take 9 damage, and have 15/50 hp.
You now have 7/15 mp.
The searing ray misses the orc warrior.
The searing ray hits the kobold brigand.
The kobold brigand is almost dead.
The searing ray hits something!
The orc warrior barely misses you.
The searing ray hits the orc warrior.
The orc warrior is moderately wounded.
The searing ray hits the kobold brigand.
The kobold brigand is almost dead.
The searing ray hits something.
Reactivating autopickup.
You feel a bit more experienced.
You finish channelling your searing ray.
The orc warrior hits you with a +0 dire flail.
* * * LOW HITPOINT WARNING * * *
You take 4 damage, and have 12/50 hp.
You now have 6/15 mp.
Casting: Searing Ray (safe; 1% risk of failure)
Confirm with . or Enter, or press ? or * to list all spells.
You miscast Iskenderun's Mystic Blast.
You are very lightly contaminated with residual magic.
Nothing appears to happen.
The orc warrior hits you with a +0 dire flail!
You die...

... ... #!# #K# #)#
#K# ## #o# #. ####@#
## #....# ## #....#
#. #....# ## #....#
### ### #....# #.#
#.# #....########.#
#.# #...........#.#
#.##
#....##.....#.####.#.


You could see an orc warrior, a kobold brigand and a kobold.

Vanquished Creatures
  Grinder (D:3)
  A sky beast (D:6)
  A black bear (D:5)
  2 phantoms
  A bullfrog (D:6)
  2 hounds (D:5)
  3 jellies (D:6)
  An iguana (D:5)
  Jessica (D:3)
  2 orc wizards
  2 sleepcaps
  A hell rat (Sewer)
  Robin (D:4)
  A gnoll (D:1)
  8 adders
  6 river rats (Sewer)
  A shadow imp (D:6)
  2 ufetubi
  A worm (D:3)
  2 dart slugs (D:1)
  4 orcs
  3 ball pythons
  8 bats
  2 endoplasms
  3 giant cockroaches
  10 goblins
  11 hobgoblins
  2 jackals (D:3)
  2 quokkas
  2 frilled lizards
  9 kobolds
  8 rats
104 creatures vanquished.

Notes
Turn   | Place    | Note
-------+----------+-------------------------------------------
     0 | D:1      | jasper the Demigod Conjurer began the quest for the Orb.
     0 | D:1      | Reached XP level 1. HP: 14/14 MP: 5/5
   118 | D:1      | Found Erchot's Armour Emporium.
   582 | D:1      | Reached XP level 2. HP: 20/20 MP: 3/7
   585 | D:1      | Learned a level 2 spell: Searing Ray
   744 | D:1      | Reached skill level 4 in Conjurations
  1095 | D:1      | Reached XP level 3. HP: 26/26 MP: 1/9
  1618 | D:3      | Noticed Jessica
  2049 | D:3      | Killed Jessica
  2050 | D:3      | Reached XP level 4. HP: 28/33 MP: 6/10
  2055 | D:3      | Learned a level 4 spell: Fulminant Prism
  2335 | D:3      | Reached skill level 5 in Conjurations
  2559 | D:3      | Noticed Grinder
  2566 | D:3      | Killed Grinder
  2567 | D:3      | Reached skill level 6 in Conjurations
  2567 | D:3      | Reached XP level 5. HP: 19/38 MP: 1/11
  3154 | D:4      | Noticed Ijyb
  3268 | D:4      | Reached XP level 6. HP: 45/45 MP: 8/12
  3269 | D:4      | Noticed Robin
  3272 | D:4      | Killed Robin
  3273 | D:4      | Reached skill level 1 in Hexes
  3590 | D:5      | Entered Level 5 of the Dungeon
  3606 | D:5      | Identified the +2 helmet "Doreit" {rC- Dex+6}
  3754 | D:5      | Reached skill level 7 in Conjurations
  4104 | D:5      | Found a glowing drain.
  4134 | D:5      | Reached XP level 7. HP: 46/50 MP: 7/13
  4141 | Sewer    | Entered a sewer
  4533 | Sewer    | Identified 2 scrolls of acquirement
  4533 | Sewer    | Acquired jasper's Parchment of the Serac and Skeletons
  4535 | Sewer    | Acquired the Parchment of Feculent Darkness
  4542 | Sewer    | Learned a level 4 spell: Iskenderun's Mystic Blast
  4762 | D:5      | Found Enleovoz's Armour Emporium.
  4810 | D:5      | Bought a +1 helmet of intelligence for 198 gold pieces
  4986 | D:6      | Reached skill level 1 in Translocations
  5294 | D:6      | Reached skill level 8 in Conjurations
  5505 | D:6      | Slain by an orc warrior

Illustrated notes

Levels and vault maps discovered:
D:1:      dpeg_arrival_tiny_a, layout_basic, serial_shops, shop,
          shapermc_ecumenical_altar_ellora, hex_large
D:2:      layout_basic
D:3:      layout_basic, nicolae_uskayaw_murder_on_the_dancefloor, uniq_grinder,
          uniq_jessica
D:4:      layout_basic, nicolae_sif_muna_little_library, uniq_ijyb, uniq_robin
D:5:      layout_gridville, serial_shops, shop, gup_sewer_entry_glass,
          serial_bayou_pond_a
D:6:      layout_rooms, tgw_trog, minmay_temple_entry_gardened_gates,
          ebering_ghost_disaster_area, guppyfry_shop_venom

Skill      XL: |  1  2  3  4  5  6  7 |
---------------+----------------------+-----
Spellcasting   | 2 3 |  3.6
Conjurations   | 4 6 7 8 |  8.0
Hexes          | 2 3 |  3.0
Translocations | 2 |  2.0
Dodging        | |  1.7
Stealth        | |  1.7

Action                     |  1- 3 |  4- 6 |  7- 9 || total
---------------------------+-------+-------+-------++-------
  Melee: Short sword       |     3 |       |       ||     3
         War axe           |       |    20 |    20 ||    40
   Cast: Magic Dart        |    71 |    19 |    34 ||   124
         Searing Ray       |     3 |    14 |    18 ||    35
         Iskenderun's Myst |       |       |     1 ||     1
    Use: Scroll            |     1 |       |    12 ||    13
         Potion            |       |       |     1 ||     1
 Armour: Robe              |     7 |     9 |     8 ||    24
  Dodge: Dodged            |    16 |    17 |    28 ||    61

Table legend: (Time is in decaauts)
 A = Elapsed time spent in this place.
 B = Non-inter-level travel time spent in this place.
 C = Inter-level travel time spent in this place.
 D = Time resting spent in this place.
 E = Time spent auto-exploring this place.
 F = Levels seen in this place.
 G = Mean time per level.
                   A        B        C        D        E       F      G
               +--------+--------+--------+--------+--------+-----+--------+
         Total |   5538 |   5473 |     65 |    206 |   4660 |   7 |  791.1 |
       Dungeon |   5046 |   4981 |     65 |    149 |   4319 |   6 |  841.0 |
         Sewer |    491 |    491 |      0 |     57 |    341 |   1 |  491.0 |
               +--------+--------+--------+--------+--------+-----+--------+

Top non-repeatable levels by time:
     D:1: 1612 daAuts
     D:3: 1338 daAuts
     D:5: 918 daAuts
     D:4: 642 daAuts
     D:6: 529 daAuts
   Sewer: 491 daAuts
     D:2: 4 daAuts
